 Dungeon Crawl Stone Soup version 0.25-a0-513-ge77a69270c (webtiles) character file.

Game seed: 6320573945574402953, levelgen mode: deterministic

680 vurker the Gusty (level 7, 31/31 HPs)
             Began as a Felid Air Elementalist on Feb 16, 2020.
             Quit the game on level 6 of the Dungeon.
             The game lasted 00:10:17 (9692 turns).

vurker the Gusty (Felid Air Elementalist)           Turns: 9692, Time: 00:10:18

Health: 31/31      AC:  2    Str:  4    XL:     7   Next: 34%
Magic:  13/16      EV: 18    Int: 20    God:
Gold:   253        SH:  0    Dex: 17    Spells: 7/17 levels left
                                        Lives:  0   Deaths: 2

rFire    . . .     SeeInvis +   (weapon unavailable)
rCold    . . .     Gourm    .   (shield unavailable)
rNeg     . . .     Faith    .   (armour unavailable)
rPois    .         Spirit   .   (helmet unavailable)
rElec    .         Reflect  .   (cloak unavailable)
rCorr    .         Harm     .   (gloves unavailable)
MR       +....                  (boots unavailable)
Stlth    +++.......             (no amulet)
HPRegen  0.10/turn              h - +2 ring of intelligence
MPRegen  0.15/turn              (no ring)

@: quick
A: very small, no armour, no weapons or thrown items, stealth, claws 1, fangs 3,
see invisible, carnivore, speed 1, shaggy fur 2, slow metabolism 1, sharp paws
a: no special abilities


You were on level 6 of the Dungeon.
You were very full.

You visited 1 branch of the dungeon, and saw 6 of its levels.

You collected 253 gold pieces.

Inventory:

Jewellery
 h - a +2 ring of intelligence (left paw)
   (You found it on level 5 of the Dungeon)
Scrolls
 b - 2 scrolls of magic mapping
 c - a scroll of remove curse
Potions
 a - 4 potions of haste
 d - a potion of resistance
 g - a potion of berserk rage {unknown}
 i - 2 potions of curing
 j - a potion of lignification {unknown}
 k - 2 potions of ambrosia {unknown}
 m - a potion of heal wounds {unknown}
Comestibles
 e - 10 rations


   Skills:
 + Level 3.9 Fighting
 - Level 2.6 Dodging
 - Level 2.6 Stealth
 * Level 5.8 Spellcasting
 + Level 3.9 Conjurations
 * Level 6.1 Air Magic


You had 7 spell levels left.
You knew the following spells:

 Your Spells              Type           Power        Failure   Level  Hunger
a - Shock                 Conj/Air       ####         1%          1    None
b - Lightning Bolt        Conj/Air       ####......   36%         5    #####..
c - Airstrike             Air            ####......   9%          4    ####...

Your spell library contained the following spells:

 Spells                   Type           Power        Failure   Level  Hunger
 Swiftness                Chrm/Air       ###.....     4%          2    None
 Static Discharge         Conj/Air       ####....     4%          3    ##.....


Dungeon Overview and Level Annotations

Branches:
Dungeon (6/15)
 Temple: D:4-7

Altars:
Ru
Uskayaw
Yredelemnul
The Shining One


Innate Abilities, Weirdness & Mutations

You cannot wear armour.
You are incapable of wielding weapons or throwing items.
Your paws allow you to move quietly. (Stealth)
You have sharp claws.
You have razor-sharp teeth.
You have supernaturally acute eyesight. (SInv)
You are carnivorous and can eat meat at any time.
You cover ground quickly.
You are covered in thick fur. (AC +2)
You have a slow metabolism.
Your sharp claws are effective at attacking unaware monsters.


Message History

The orc priest invokes the aid of Beogh against you.
Pain shoots through your body!
* * * LOW HITPOINT WARNING * * *
You see here a leopard gecko skeleton.
Aim: an orc warrior, wielding a +0 trident and wearing a +2 chain mail of cold resistance (severely wounded)
The zap hits the orc warrior.
The orc warrior barely misses you.
Aim: an orc warrior, wielding a +0 trident and wearing a +2 chain mail of cold resistance (almost dead)
The zap hits the orc warrior!
You kill the orc warrior!
Your Air Magic skill increases to level 6!
The zap hits the orc priest.
The orc priest mumbles some strange prayers to Beogh against you.
Pain shoots through your body!
* * * LOW HITPOINT WARNING * * *
You don't have enough magic to cast that spell.
You don't have enough magic to cast that spell.
You aren't carrying any items that you can evoke.
Unknown command.
The orc priest invokes the aid of Beogh against you.
Beogh smites you!
You die...
You are now level 7!
You rejoin the land of the living...
Found 9 gold pieces.
Unknown command.
Eating one of 4 chunks of flesh.
You eat one of the 4 chunks of flesh.
This raw flesh tastes great.
Eating one of 3 chunks of flesh.
You eat one of the 3 chunks of flesh.
This raw flesh tastes great.
Eating one of 2 chunks of flesh.
You eat one of the 2 chunks of flesh.
This raw flesh tastes great.
Eating a chunk of flesh.
You eat the chunk of flesh.
This raw flesh tastes great.
You now have 244 gold pieces (gained 9).
Found 9 gold pieces.
You now have 253 gold pieces (gained 9).
A bullfrog comes into view.
A bullfrog is nearby!
Aim: a bullfrog (resting)
The zap hits the bullfrog!
Aim: a bullfrog (heavily wounded)
The zap hits the bullfrog.
Aim: a bullfrog (severely wounded)
The zap hits the bullfrog!
You kill the bullfrog!
You can't see any susceptible monsters within range! (Use Z to cast anyway.)
You can't see any susceptible monsters within range! (Use Z to cast anyway.)
You can't see any susceptible monsters within range! (Use Z to cast anyway.)
You can't see any susceptible monsters within range! (Use Z to cast anyway.)
You can't see any susceptible monsters within range! (Use Z to cast anyway.)

######### #########
#.......# #.......#
#@# #.#####.###
###.####
#.#####...####......#
#.##....#......#.##.#
#.##.##...######.# #
#.......### #..
#.......# ####
##.#.#.### #.#.....#
######


There were no monsters in sight!

Vanquished Creatures
  2 ice beasts
  2 orc warriors (D:6)
  A phantom (D:4)
  A centaur (D:5)
  A bullfrog (D:6)
  A scorpion (D:6)
  A howler monkey (D:5)
  A crimson imp (D:5)
  A hound (D:4)
  3 iguanas
  Natasha (thrice) (D:3)
  8 orc wizards
  A hound skeleton (D:4)
  Robin (D:3)
  9 adders
  4 oozes (D:1)
  2 adder skeletons (D:4)
  4 worms
  6 dart slugs
  5 leopard geckos
  19 orcs
  7 giant cockroaches
  17 goblins
  8 hobgoblins
  8 jackals
  5 kobolds
  6 quokkas
  A ball python (D:2)
  8 bats
  4 frilled lizards
  10 rats
150 creatures vanquished.

Notes
Turn   | Place    | Note
-------+----------+-------------------------------------------
     0 | D:1      | vurker the Felid Air Elementalist began the quest for the
                  | Orb.
     0 | D:1      | Reached XP level 1. HP: 7/7 MP: 4/4
     1 | D:1      | Found a runed translucent door.
     9 | D:1      | Reached skill level 1 in Conjurations
   427 | D:1      | Reached XP level 2. HP: 12/12 MP: 0/6
   894 | D:1      | Reached skill level 3 in Air Magic
  1097 | D:1      | Reached XP level 3. HP: 10/15 MP: 1/7
  1263 | D:1      | Reached skill level 1 in Fighting
  1646 | D:2      | Reached XP level 4. HP: 18/19 MP: 4/9
  2879 | D:2      | Reached XP level 5. HP: 22/22 MP: 3/10
  3533 | D:2      | HP: 1/22 [orc wizard/+0 dagger (4)]
  3948 | D:3      | Noticed Natasha
  4005 | D:3      | Reached skill level 4 in Air Magic
  4416 | D:3      | Killed from afar by an orc wizard
  4417 | D:3      | Reached XP level 4. HP: -6/19 MP: 2/10
  4516 | D:3      | Found a hide-covered altar of Uskayaw.
  4537 | D:3      | Reached XP level 5. HP: 22/22 MP: 8/11
  4636 | D:3      | Killed Natasha
  4885 | D:3      | Noticed Natasha
  4894 | D:3      | Killed Natasha
  5133 | D:3      | Found a glowing golden altar of the Shining One.
  5180 | D:3      | Found a hide-covered altar of Uskayaw.
  5632 | D:3      | Noticed Natasha
  5639 | D:3      | Killed Natasha
  6050 | D:4      | Noticed Robin
  6080 | D:3      | Killed Robin
  6178 | D:3      | Learned a level 5 spell: Lightning Bolt
  6183 | D:3      | Learned a level 4 spell: Airstrike
  6202 | D:3      | Gained mutation: You are covered in thick fur. (AC +2)
                  | [Felid growth]
  6202 | D:3      | Reached XP level 6. HP: 12/27 MP: 9/13
  7555 | D:4      | Found a sacrificial altar of Ru.
  7816 | D:5      | Entered Level 5 of the Dungeon
  7846 | D:5      | Reached XP level 7. HP: 22/30 MP: 5/14
  8064 | D:5      | Found a basalt altar of Yredelemnul.
  8067 | D:5      | Reached skill level 5 in Air Magic
  8720 | D:5      | Reached skill level 5 in Spellcasting
  9206 | D:6      | Reached XP level 8. HP: 27/35 MP: 2/17
  9646 | D:6      | Reached skill level 6 in Air Magic
  9649 | D:6      | Killed from afar by an orc priest
  9650 | D:6      | Reached XP level 7. HP: -1/31 MP: 1/16
  9692 | D:6      | Quit the game

Levels and vault maps discovered:
D:1:      dpeg_arrival_caged_fury, layout_basic
D:2:      minmay_spotlight, layout_basic
D:3:      layout_basic, old_standard_altar, tso_altar, uniq_natasha
D:4:      layout_layer_cave, lemuel_coloured_pillars_altar, uniq_robin
D:5:      layout_basic, lemuel_crystal_altar, first_ration
D:6:      layout_loops_cross, minmay_temple_entry_antechambers,
          kennysheep_generic_room_7

Skill      XL: |  1  2  3  4  5  6  7  8 |
---------------+-------------------------+-----
Conjurations   | 1 2 3 |  3.9
Air Magic      | 3 4 5 6 |  6.1
Fighting       | 1 2 3 |  3.9
Spellcasting   | 3 4 5 |  5.8
Dodging        | |  2.6
Stealth        | |  2.6

Action                   |  1- 3 |  4- 6 |  7- 9 || total
-------------------------+-------+-------+-------++-------
Melee: Unarmed           |    11 |     9 |       ||    20
 Cast: Shock             |    79 |   248 |    55 ||   382
       Airstrike         |       |     3 |    13 ||    16
  Use: Scroll            |       |    10 |     4 ||    14
  Eat: Chunk             |     9 |    16 |    10 ||    35
Armor: Skin              |     2 |       |       ||     2
Dodge: Dodged            |    24 |    60 |    10 ||    94

Table legend:
 A = Non-vault XP
 B = Vault XP
 C = Vault XP percentage of total XP
 D = Non-vault monster count
 E = Vault monster count
 F = Vault count percentage of total count
                 A         B        C        D         E       F
            +---------+---------+-------+---------+---------+-------
      Total |    1574 |     425 |  21.3 |     114 |      36 |  24.0
            +---------+---------+-------+---------+---------+-------
        D:1 |      37 |      54 |  59.3 |      20 |      18 |  47.4
        D:2 |     168 |       6 |   3.4 |      34 |       3 |   8.1
        D:3 |     230 |      63 |  21.5 |      23 |       8 |  25.8
        D:4 |     271 |       8 |   2.9 |      13 |       4 |  23.5
        D:5 |     520 |       0 |   0.0 |      15 |       0 |   0.0
        D:6 |     348 |     294 |  45.8 |       9 |       3 |  25.0
            +---------+---------+-------+---------+---------+-------
